 Dungeon Sprint DCSS version 0.26-a0-739-gf55cbd344a (webtiles) character file.

Game seed: 13047552014461264678

1684 rocky1 the Sage (level 8, -2/52 HPs)
             Began as a Demonspawn Ice Elementalist on Nov 6, 2020.
             Was a High Priest of Sif Muna.
             Slain by a hellwing (4 damage)
             ... in the Dungeon (Sprint VII: "The Pits").
             The game lasted 00:06:33 (667 turns).

rocky1 the Sage (Demonspawn Ice Elementalist)        Turns: 667, Time: 00:06:35

Health: -2/52      AC:  2    Str: 10    XL:     8   Next: 71%
Magic:  0/21       EV: 12    Int: 18    God:    Sif Muna [*****.]
Gold:   0          SH:  4    Dex: 13    Spells: 15/26 levels left

rFire    . . .     SeeInvis .   m - +0 quarterstaff (protect)
rCold    . . .     Faith    .   (shield currently unavailable)
rNeg     . . .     Spirit   +   a - +0 robe
rPois    .         Reflect  .   (no helmet)
rElec    .         Harm     .   (no cloak)
rCorr    .         Rampage  .   (no gloves)
MR       .....     NoTele   +   (no boots)
Stlth    ++........             (no amulet)
HPRegen  0.17/turn              (no ring)
MPRegen  0.34/turn              (no ring)

@: berserk cooldown, slowed, very slow
A: claws 1, large bone plates 1, magic shield, magic regeneration, rot immunity
a: Channel Magic, Forget Spell, Divine Exegesis, Renounce Religion


You were in the Dungeon.
You worshipped Sif Muna.
Sif Muna was extremely pleased with you.
You visited 1 branch

Inventory:

Hand Weapons
 l - a +2 quarterstaff
 m - a +0 quarterstaff of protection (weapon)
 n - a +2 long sword of flaming
Armour
 a - a +0 robe (worn)
Scrolls
 h - a scroll of blinking
 i - 3 scrolls of remove curse
 j - 5 scrolls of amnesia
 k - a scroll of summoning
Potions
 b - 2 potions of invisibility
 c - 6 potions of curing
 d - 3 potions of heal wounds
 e - a potion of haste
 f - 4 potions of magic
 g - a potion of berserk rage


   Skills:
 - Level 1.7 Dodging
 - Level 1.7 Stealth
 + Level 9.5 Spellcasting
 + Level 11.6 Ice Magic
 + Level 14.4 Invocations


You had 15 spell levels left.
You knew the following spells:

 Your Spells              Type           Power        Failure   Level
a - Freeze                Ice            ####         1%          1
b - Frozen Ramparts       Ice            ######       1%          3
c - Ozocubu's Armour      Ice            ######..     1%          3
d - Hailstorm             Conj/Ice       ####....     8%          4

Your spell library contained the following spells:

 Spells                   Type           Power        Failure   Level
 Summon Ice Beast         Ice/Summ       ####....     8%          4
 Magic Dart               Conj           #...         9%          1
 Searing Ray              Conj           #.....       13%         2
 Dazzling Flash           Conj/Hex       #.....       26%         3
 Fulminant Prism          Conj/Hex       #.........   63%         4
 Iskenderun's Mystic Bla  Conj/Tloc      #.......     63%         4


Dungeon Overview and Level Annotations

Branches:
Dungeon (1/1)

Altars:
Ashenzari
Cheibriados
Dithmenos
Elyvilon
Fedhas
Gozag
Hepliaklqana
Kikubaaqudgha
Makhleb
Nemelex Xobeh
Okawaru
Qazlal
Ru
Sif Muna
Trog
Uskayaw
Vehumet
Wu Jian
Xom
Yredelemnul
Zin
The Shining One
Beogh
Jiyva
Lugonu


Innate Abilities, Weirdness & Mutations

You have sharp fingernails.
You are partially covered in large bone plates. (SH +4)
When hurt, damage is shared between your health and your magic reserves.
You regenerate magic rapidly.
You are immune to rotting.


Message History

Your weapon exudes an aura of protection.
The hellwing is severely wounded.
The hellwing misses you. The hellwing barely misses you. The hellwing hits you.
The hellwing closely misses you.
You closely miss the hellwing.
The hellwing is heavily wounded.
The hellwing barely misses you. You block the hellwing's attack.
The hellwing hits you! x2
You closely miss the hellwing.
The hellwing is heavily wounded.
The hellwing barely misses you. The hellwing hits you. The hellwing hits you!
* * * LOW HITPOINT WARNING * * *
The hellwing barely misses you.
You closely miss the hellwing.
The hellwing is heavily wounded.
The hellwing hits you.
* * * LOW HITPOINT WARNING * * *
The hellwing closely misses you. You block the hellwing's attack.
The hellwing hits you.
You die...

#.##'#..††.##...<...#
#.#........##.......#
#)#........##.......#
#)###########.......#
#.).....#..##########
#.......#.# ###
#...#...#)# ...#
#..###..#'#)...#
#...#...#@4)...+
#.......#(#)...#
#.......')# ...#
########### ###


You could see a hellwing.

Vanquished Creatures
  A shadow wraith (D)
  A cyclops (D)
  A warg (D)
  2 floating eyes (D)
  A black bear (D)
  A sky beast (D)
  Blork the orc (D)
  A jelly (D)
  2 gnoll shamans (D)
  10 gnolls (D)
  A white imp (D)
  3 ufetubi (D)
  An ooze (D)
  A bat skeleton (D)
  3 giant cockroaches (D)
  3 jackals (D)
  A frilled lizard (D)
34 creatures vanquished.

Notes
Turn   | Place    | Note
-------+----------+-------------------------------------------
     0 | D        | rocky1 the Demonspawn Ice Elementalist began the quest for
                  | the Orb.
     0 | D        | Reached XP level 1. HP: 13/13 MP: 3/3
    43 | D        | Found a bloodstained altar of Trog.
    43 | D        | Found a shimmering blue altar of Sif Muna.
    43 | D        | Found a viscous altar of Jiyva.
    43 | D        | Found a hazy altar of Hepliaklqana.
    43 | D        | Found an opulent altar of Gozag.
    44 | D        | Found a glowing golden altar of the Shining One.
    44 | D        | Found a glowing silver altar of Zin.
    44 | D        | Found a basalt altar of Yredelemnul.
    44 | D        | Found a shimmering altar of Xom.
    44 | D        | Found an ornate altar of the Wu Jian Council.
    44 | D        | Found a sacrificial altar of Ru.
    44 | D        | Found a stormy altar of Qazlal.
    44 | D        | Found an iron altar of Okawaru.
    44 | D        | Found a sparkling altar of Nemelex Xobeh.
    44 | D        | Found a burning altar of Makhleb.
    44 | D        | Found a blossoming altar of Fedhas.
    44 | D        | Found a white marble altar of Elyvilon.
    44 | D        | Found a shadowy altar of Dithmenos.
    44 | D        | Found a snail-covered altar of Cheibriados.
    46 | D        | Found a radiant altar of Vehumet.
    46 | D        | Found a corrupted altar of Lugonu.
    46 | D        | Found a roughly hewn altar of Beogh.
    47 | D        | Found a hide-covered altar of Uskayaw.
    47 | D        | Found an ancient bone altar of Kikubaaqudgha.
    47 | D        | Found a broken altar of Ashenzari.
    55 | D        | Became a worshipper of Sif Muna the Loreminder
    68 | D        | Reached skill level 5 in Ice Magic
    68 | D        | Reached skill level 1 in Invocations
    72 | D        | Gained mutation: When hurt, damage is shared between your
                  | health and your magic reserves. [demonic ancestry]
    72 | D        | Reached XP level 2. HP: 19/19 MP: 0/5
   126 | D        | Noticed a floating eye
   128 | D        | Killed a floating eye
   128 | D        | Reached * piety under Sif Muna
   128 | D        | Reached skill level 7 in Invocations
   128 | D        | Gained mutation: You have sharp fingernails. [demonic
                  | ancestry]
   128 | D        | Reached XP level 3. HP: 24/24 MP: 6/8
   128 | D        | Reached XP level 4. HP: 30/30 MP: 6/9
   139 | D        | Learned a level 3 spell: Frozen Ramparts
   143 | D        | Learned a level 3 spell: Ozocubu's Armour
   146 | D        | Reached ** piety under Sif Muna
   223 | D        | Reached *** piety under Sif Muna
   223 | D        | Reached skill level 8 in Invocations
   223 | D        | Gained mutation: You regenerate magic rapidly. [demonic
                  | ancestry]
   223 | D        | Reached XP level 5. HP: 27/35 MP: 3/11
   321 | D        | Noticed a floating eye
   323 | D        | Paralysed by a floating eye for 4 turns
   329 | D        | Killed a floating eye
   329 | D        | Reached skill level 9 in Invocations
   331 | D        | Noticed a sky beast
   331 | D        | Noticed a black bear
   342 | D        | Killed a sky beast
   342 | D        | Reached skill level 5 in Spellcasting
   342 | D        | Reached skill level 10 in Invocations
   342 | D        | Reached XP level 6. HP: 36/41 MP: 7/14
   390 | D        | Reached **** piety under Sif Muna
   393 | D        | Reached skill level 11 in Invocations
   416 | D        | Reached ***** piety under Sif Muna
   541 | D        | Received a gift from Sif Muna
   541 | D        | Gained mutation: You are partially covered in large bone
                  | plates. (SH +4) [demonic ancestry]
   541 | D        | Reached XP level 7. HP: 45/46 MP: 13/16
   552 | D        | Learned a level 4 spell: Hailstorm
   554 | D        | Noticed a cyclops
   560 | D        | Killed a cyclops
   560 | D        | Reached skill level 10 in Ice Magic
   560 | D        | Reached skill level 12 in Invocations
   589 | D        | Noticed Blork the orc
   593 | D        | Killed Blork the orc
   593 | D        | Reached skill level 13 in Invocations
   594 | D        | Gained mutation: You are immune to rotting. [demonic
                  | ancestry]
   594 | D        | Reached XP level 8. HP: 49/52 MP: 12/20
   619 | D        | Noticed a hellwing
   623 | D        | Identified Sif Muna's Disquisition on Floating Beguiling
                  | (Sif Muna gifted it to you in the Dungeon)
   623 | D        | Received a gift from Sif Muna
   629 | D        | Killed a shadow wraith
   629 | D        | Reached skill level 14 in Invocations
   667 | D        | HP: 2/52 [hellwing (5)]
   667 | D        | Slain by a hellwing

Illustrated notes

Levels and vault maps discovered:
D:        pitsprint [storerooms_1, entrance_room_1, metal_vault_5, armoury_1,
          mini_pit_1, grid_room_1, main_hall_1, silver_pit, the_coven_3,
          the_vestibule_1, steel_vault_1, golden_pit, hallway_of_sentries,
          crystal_vault_2, iron_vault_2, final_vault]

Skill      XL: |  1  2  3  4  5  6  7  8 |
---------------+-------------------------+-----
Ice Magic      | 5 7 9 10 11 | 11.6
Invocations    | 1 7 8 10 11 13 14 | 14.4
Spellcasting   | 3 5 6 8 9 |  9.5
Dodging        | |  1.7
Stealth        | |  1.7

Action                   |  1- 3 |  4- 6 |  7- 9 || total
-------------------------+-------+-------+-------++-------
Melee: Quarterstaff      |     5 |    21 |    39 ||    65
 Cast: Freeze            |     5 |     1 |       ||     6
       Frozen Ramparts   |       |     8 |     3 ||    11
       Ozocubu's Armour  |       |     6 |     3 ||     9
  Use: Potion            |       |       |     5 ||     5
Armor: Robe              |     1 |     6 |    29 ||    36
Dodge: Dodged            |     9 |    13 |    47 ||    69
Block: Other             |       |       |    18 ||    18

Table legend: (Time is in decaauts)
 A = Elapsed time spent in this place.
 B = Non-inter-level travel time spent in this place.
 C = Inter-level travel time spent in this place.
 D = Time resting spent in this place.
 E = Time spent auto-exploring this place.
 F = Levels seen in this place.
 G = Mean time per level.
                   A        B        C        D        E       F      G
               +--------+--------+--------+--------+--------+-----+--------+
         Total |    702 |    702 |      0 |    339 |      0 |   1 |  702.0 |
       Dungeon |    702 |    702 |      0 |    339 |      0 |   1 |  702.0 |
               +--------+--------+--------+--------+--------+-----+--------+

Top non-repeatable levels by time:
       D: 702 daAuts
